cohdb
Replays
Latest Replays
All Replays
Popular Replays
Top Player Replays
Match Explorer
How It Works
Community
CoH3 Stats
Reddit
Sign in to upload your games and track your stats! →
Sign in with Steam
Match 27982336
Unlisted
Match 27982336
Overview
Messages
Build Orders
End
Construct Barracks
Selects Armored Battlegroup
Selects Veteran Crews
Riflemen Squad
Riflemen Squad
Riflemen Squad
Mechanized Support Center
Selects Fast Deploy
Selects Fast Deploy
Construct Motor Pool
Engineer Squad
M8 Greyhound Armored Car
M1 Anti-tank Gun Team
M8 Greyhound Armored Car
M1918 Browning Automatic Rifles
Grenade Package
Rearm and Retrofit
Selects M8 Scott SPG
Selects UNKNOWN (2160077)
Construct Medical Station
Riflemen Squad
Construct Tank Depot
M1 Anti-tank Gun Team
Riflemen Squad
Selects M31 Recovery Vehicle
Selects War Machine
M4(105) Sherman Bulldozer
Riflemen Squad
M1 Anti-tank Gun Team
M1 Anti-tank Gun Team
M4A3E8 Sherman Easy Eight
Friendly Mouse(Poxie)
my worst self
김치워리어
往事随风起
MyStore
OOOY
Notalawyer
娜迦的马可
0
0
Comments
sign in to comment!
No comments posted yet!